 Dungeon Crawl Stone Soup version 0.24.0-123-gd5b16e6ec5 (webtiles) character file.

Game seed: 7734458019129957943, levelgen mode: deterministic

4568 FluffierThanThou the Protected (level 10, -7/94 HPs)
             Began as a Minotaur Fighter on Jan 17, 2020.
             Was an Elder of Okawaru.
             Mangled by a yak (10 damage)
             ... on level 9 of the Dungeon.
             The game lasted 00:14:46 (6853 turns).

FluffierThanThou the Protected (Minotaur Fighter)   Turns: 6853, Time: 00:14:46

Health: -7/94      AC: 10    Str: 25      XL:     10   Next: 18%
Magic:  8/9        EV:  8    Int:  5      God:    Okawaru [****..]
Gold:   259        SH: 11    Dex:  8 (9)  Spells: 9/9 levels left

rFire    . . .     SeeInvis .   h - +0 hand axe (chop)
rCold    + + .     Gourm    .   c - +0 shield
rNeg     . . .     Faith    .   b - +0 scale mail
rPois    +         Spirit   .   (helmet restricted)
rElec    +         Reflect  .   (no cloak)
rCorr    +         Harm     .   y - +0 pair of gloves
MR       .....                  (no boots)
Stlth    ..........             (no amulet)
HPRegen  0.25/turn              o - ring of ice
MPRegen  0.11/turn              x - ring of flight

@: resistant
A: retaliatory headbutt, horns 2
a: Heroism, Renounce Religion, Evoke Flight


You were on level 9 of the Dungeon.
You worshipped Okawaru.
Okawaru was greatly pleased with you.
You were not hungry.

You visited 1 branch of the dungeon, and saw 9 of its levels.

You collected 519 gold pieces.
You spent 260 gold pieces at shops.

Inventory:

Hand Weapons
 a - a +0 war axe
 h - a +0 hand axe of chopping (weapon)
   (You took it off an orc priest on level 7 of the Dungeon)
Missiles
 C - a throwing net (quivered) {!f}
Armour
 b - a +0 scale mail (worn)
 c - a +0 shield (worn)
 y - a +0 pair of gloves (worn)
   (You found it on level 5 of the Dungeon)
 G - the +3 leather armour "Inet" {+Fly rPois MP-9 Str+6, unknown}
   (You found it on level 9 of the Dungeon)

   It affects your strength (+6).
   It protects you from poison.
   It affects your magic capacity (-9).
   It lets you fly.
Jewellery
 o - a ring of ice (left hand)
   (You found it on level 3 of the Dungeon)
 q - an uncursed ring of ice
   (You found it on level 3 of the Dungeon)
 x - a ring of flight (right hand)
   (You found it on level 4 of the Dungeon)
 B - an uncursed ring of protection from cold {unknown}
   (You found it on level 7 of the Dungeon)
Wands
 v - a wand of paralysis (7)
   (You found it on level 4 of the Dungeon)
 E - a wand of polymorph (7)
   (You found it on level 8 of the Dungeon)
Scrolls
 f - 4 scrolls of magic mapping {unknown}
 i - 3 scrolls of identify {@r1}
 j - 2 scrolls of blinking {unknown}
 k - 6 scrolls of enchant armour
 l - a scroll of random uselessness {unknown}
 m - 6 scrolls of enchant weapon
 p - 5 scrolls of remove curse {@r2}
 s - 2 scrolls of teleportation {@r4}
 t - 4 scrolls of amnesia {unknown}
 z - a scroll of noise {unknown}
 A - a scroll of fear {unknown}
Potions
 d - a potion of brilliance {unknown}
 g - a potion of degeneration {!q}
 n - 2 potions of curing {unknown}
 r - a potion of heal wounds {@q2}
 u - a potion of berserk rage {unknown}
 w - 3 potions of resistance
 F - a potion of haste {unknown}
Comestibles
 e - 17 rations {!d}
 D - 3 chunks of flesh


   Skills:
 * Level 10.8 Fighting
 + Level 7.6 Axes
 * Level 10.9 Armour
 + Level 8.1 Shields


You had 9 spell levels left.
You didn't know any spells.
Your spell library contained the following spells:

 Spells                   Type           Power        Failure   Level  Hunger
 Corona                   Hex            #......      95%         1    ##.....
 Slow                     Hex            #.......     98%         2    ###....
 Inner Flame              Hex/Fire       #.......     100%        3    ####...
 Portal Projectile        Hex/Tloc       #.....       100%        3    ####...
 Cause Fear               Hex            #.........   100%        4    #####..
 Leda's Liquefaction      Hex/Erth       #.........   100%        4    #####..


Dungeon Overview and Level Annotations

Branches:
Dungeon (9/15)             Temple (0/1) D:7            Lair (0/6) D:9
    Orc: D:9-12

Altars:
Cheibriados
Elyvilon
Gozag
Hepliaklqana
Makhleb
Nemelex Xobeh
Okawaru
Qazlal
Sif Muna
Wu Jian
Zin
The Shining One

Shops:
D:4 =?}=?   D:7 (


Innate Abilities, Weirdness & Mutations

You reflexively headbutt those who attack you in melee.
You have a pair of horns on your head.


Message History

Okawaru accepts your kill.
You barely miss the yak. You hit the porcupine. You hit the yak. x2
The yak barely misses you. The yak closely misses you.
You block the porcupine's attack.
You hit the yak. You closely miss the porcupine. You hit the yak. x2
The yak misses you. You furiously retaliate!
You headbutt the yak. You block the yak's attack.
You hit the yak but do no damage. You barely miss the porcupine.
You hit the yak but do no damage. x2; You hit the porcupine.
You feel like a meek peon again. The porcupine bites you!
* * * LOW HITPOINT WARNING * * *
The porcupine bites you.
* * * LOW HITPOINT WARNING * * *
You block the yak's attack. The yak barely misses you.
The yak closely misses you.
It was a potion of heal wounds.
You feel much better.
The porcupine bites you but does no damage.
You block the porcupine's attack. The yak barely misses you.
You block the yak's attack. The porcupine bites you!
* * * LOW HITPOINT WARNING * * *
The porcupine bites you but does no damage.
You block the yak's attack.
You are struck by the porcupine's spines.
* * * LOW HITPOINT WARNING * * *
You closely miss the porcupine. Your headbutt misses the porcupine.
You hit the yak.
You kill the yak!
Okawaru accepts your kill.
You slash the yak!
You are struck by the porcupine's spines.
* * * LOW HITPOINT WARNING * * *
You slash the porcupine! You hit the yak. The yak barely misses you.
You block the porcupine's attack. x2; The yak closely misses you.
You feel much better. The yak closely misses you. You furiously retaliate!
You headbutt the yak. You block the porcupine's attack. x2
The yak gores you but does no damage.
You are struck by the porcupine's spines.
* * * LOW HITPOINT WARNING * * *
You hit the porcupine. Your headbutt misses the porcupine.
You hit the yak but do no damage.
You are struck by the porcupine's spines.
* * * LOW HITPOINT WARNING * * *
You hit the porcupine but do no damage. You hit the yak.
The porcupine bites you.
* * * LOW HITPOINT WARNING * * *
You block the porcupine's attack. The yak gores you.
* * * LOW HITPOINT WARNING * * *
The yak gores you!
You die...

....P....P....
....P..P..P.....
#.$♣...P........
#♣...P♣.>..P....
#....?.....PP...
#....P.P........
#....PrYr..P..#
#......@Y.....#
#...P..†.PP..##
#..♣.P.PP..P##
#...........#
#.....#.....#
...#
#.....##.####
...# #......#.#
...#
#####......#.#
.(.#
#.....####...#


You could see 2 yaks and 2 porcupines.

Vanquished Creatures
  A gargoyle (D:7)
  Psyche (D:8)
  A kobold demonologist (D:9)
  Prince Ribbit (D:6)
  4 yaks (D:9)
  A basilisk (D:9)
  A vampire mosquito (D:7)
  A porcupine (D:9)
  An orc warrior (D:7)
  2 phantoms
  4 ogres
  A black bear (D:7)
  A centaur (D:8)
  2 crocodiles
  4 big kobolds
  A bullfrog (D:7)
  A wyvern skeleton (D:6)
  4 scorpions
  A crimson imp (D:5)
  A quasit (D:9)
  A centaur zombie (D:5)
  3 hounds (D:4)
  2 jellies
  6 orc wizards
  5 orc priests
  An iguana (D:9)
  A centaur skeleton (D:4)
  A bullfrog skeleton (D:5)
  4 worker ants
  A hound zombie (D:9)
  A worker ant zombie (D:5)
  5 gnolls (D:4)
  9 adders
  3 shadow imps
  6 oozes
  2 adder zombies
  2 adder skeletons
  3 worms
  5 dart slugs
  3 leopard geckos
  17 orcs
  8 bats
  3 giant cockroaches
  9 goblins
  14 hobgoblins
  3 jackals (D:1)
  4 quokkas
  4 ball pythons
  3 frilled lizards
  A jackal skeleton (D:6)
  21 kobolds
  A leopard gecko zombie (D:7)
  11 rats
  A bush (D:9)
  A plant (D:9)
199 creatures vanquished.

Vanquished Creatures (others)
  4 plants (D:9)
4 creatures vanquished.

Grand Total: 203 creatures vanquished

Notes
Turn   | Place    | Note
-------+----------+-------------------------------------------
     0 | D:1      | FluffierThanThou the Minotaur Fighter began the quest for
                  | the Orb.
     0 | D:1      | Reached XP level 1. HP: 19/19 MP: 0/0
    57 | D:1      | Reached XP level 2. HP: 14/27 MP: 1/1
   269 | D:1      | Reached XP level 3. HP: 28/33 MP: 2/2
   276 | D:1      | You fall into a shaft and drop 1 floor!
   328 | D:2      | Found a sparkling altar of Nemelex Xobeh.
   599 | D:1      | Reached XP level 4. HP: 40/41 MP: 3/3
   759 | D:2      | Found a white marble altar of Elyvilon.
   918 | D:2      | Found a burning altar of Makhleb.
   919 | D:2      | Found a shimmering blue altar of Sif Muna.
  1335 | D:3      | Reached skill level 5 in Armour
  1422 | D:3      | Reached skill level 5 in Fighting
  1422 | D:3      | Reached XP level 5. HP: 42/48 MP: 4/4
  2045 | D:4      | Found Rytzetoh's Jewellery Shop.
  2168 | D:4      | Noticed an ogre
  2175 | D:4      | Killed an ogre
  2175 | D:4      | Reached XP level 6. HP: 17/56 MP: 5/5
  2389 | D:4      | Found Etuyl's Jewellery Shop.
  2597 | D:4      | Found Ughewach's Magic Scroll Shop.
  2603 | D:4      | Found Puomidil's Gadget Boutique.
  2615 | D:4      | Bought a scroll of enchant weapon for 75 gold pieces
  2615 | D:4      | Bought a scroll of teleportation for 30 gold pieces
  2615 | D:4      | Bought a scroll of remove curse for 30 gold pieces
  2615 | D:4      | Bought a scroll of identify for 20 gold pieces
  2663 | D:4      | Found Kofaeriydd's Magic Scroll Shop.
  2669 | D:4      | Reached skill level 5 in Shields
  2673 | D:4      | Bought a scroll of enchant armour for 105 gold pieces
  2727 | D:4      | Found an iron altar of Okawaru.
  2856 | D:4      | Found a glowing silver altar of Zin.
  3122 | D:5      | Entered Level 5 of the Dungeon
  3233 | D:5      | Reached XP level 7. HP: 63/63 MP: 6/6
  3543 | D:5      | Found a glowing golden altar of the Shining One.
  3586 | D:4      | Became a worshipper of Warmaster Okawaru
  3922 | D:5      | Found a hazy altar of Hepliaklqana.
  4175 | D:6      | Noticed Prince Ribbit
  4182 | D:6      | Killed Prince Ribbit
  4182 | D:6      | Reached * piety under Okawaru
  4182 | D:6      | Reached skill level 5 in Axes
  4182 | D:6      | Reached XP level 8. HP: 73/73 MP: 7/7
  4574 | D:7      | HP: 1/75 [orc warrior/+0 halberd (12)]
  4910 | D:7      | Found a stormy altar of Qazlal.
  4923 | D:7      | Noticed a gargoyle
  4940 | D:7      | Killed a gargoyle
  4940 | D:7      | Reached ** piety under Okawaru
  4940 | D:7      | Reached XP level 9. HP: 70/83 MP: 8/8
  5286 | D:7      | Found an opulent altar of Gozag.
  5340 | D:7      | Found a staircase to the Ecumenical Temple.
  5418 | D:7      | Found Vietenam's Weapon Shop.
  5531 | D:8      | Noticed Psyche
  5539 | D:8      | Killed Psyche
  5539 | D:8      | Reached *** piety under Okawaru
  5539 | D:8      | Reached skill level 10 in Armour
  5770 | D:8      | Found an ornate altar of the Wu Jian Council.
  6041 | D:8      | Reached skill level 10 in Fighting
  6114 | D:8      | Found a snail-covered altar of Cheibriados.
  6225 | D:8      | Found a sparkling altar of Nemelex Xobeh.
  6703 | D:9      | Noticed a kobold demonologist
  6718 | D:9      | Killed a kobold demonologist
  6743 | D:9      | Got an encrusted leather armour
  6819 | D:9      | Found a staircase to the Lair.
  6830 | D:9      | Reached XP level 10. HP: 60/94 MP: 9/9
  6851 | D:9      | Reached **** piety under Okawaru
  6851 | D:9      | HP: 3/94 [porcupine's spines (11)]
  6853 | D:9      | Mangled by a yak

Levels and vault maps discovered:
D:1:      lightli_arrival_statue_moat, layout_rooms
D:2:      layout_basic, elyvilon_altar_4, gammafunk_temple_overflow_statue,
          nemelex_dance_club_becter
D:3:      layout_basic
D:4:      layout_rooms, nicolae_overflow_hidden_temple, zin_academy,
          first_ration, serial_shops, nicolae_shop_waterfront, shop,
          nicolae_shop_temple_entry_statues_fountains, nicolae_shop_statue_plus,
          shop, serial_forest, infiniplex_forest_lined_1,
          infiniplex_forest_fountain, infiniplex_forest_clump_curved,
          infiniplex_forest_pool, infiniplex_forest_straight_4,
          infiniplex_forest_lined_3, infiniplex_forest_lined_3,
          infiniplex_forest_corner_1, infiniplex_forest_side_room,
          corexii_leaking_fountain, roderic_three_in_a_row,
          minmay_parallelograms, cheibrodos_gnoll_hut
D:5:      layout_basic, kennysheep_mini_moat, kennysheep_little_box
D:6:      layout_basic, uniq_prince_ribbit1
D:7:      hangedman_cross_stitches, layout_rooms, lemuel_doored_altar,
          lemuel_crystal_altar, minmay_temple_entry_enclosed_plants,
          serial_shops, shop, grunt_ogre_cave, minmay_unpleasant_kobolds
D:8:      layout_gridville, lemuel_coloured_pillars_altar, marbit_many_paths,
          old_standard_altar, uniq_psyche
D:9:      layout_basic, lemuel_crystal_altar, minmay_lair_entry_grove

Skill      XL: |  1  2  3  4  5  6  7  8  9 10 |
---------------+-------------------------------+-----
Fighting       | 4 5 6 7 9 10 | 10.8
Armour         | 4 5 6 7 9 10 | 10.9
Axes           | 3 4 5 6 7 |  7.6
Shields        | 4 5 6 7 8 |  8.1

Action                   |  1- 3 |  4- 6 |  7- 9 | 10-12 || total
-------------------------+-------+-------+-------+-------++-------
Melee: War axe           |   100 |   144 |   126 |       ||   370
       Headbutt          |     9 |    28 |    61 |     4 ||   102
       Hand axe          |       |       |   135 |    19 ||   154
Invok: Heroism           |       |       |     3 |     1 ||     4
  Use: Potion            |       |     1 |     3 |     3 ||     7
  Eat: Chunk             |       |     6 |     7 |       ||    13
       Ration            |       |     1 |     1 |       ||     2
Armor: Scale mail        |    57 |    53 |    95 |    15 ||   220
Dodge: Dodged            |    43 |    44 |    77 |    29 ||   193
Block: Shield            |    56 |    83 |   135 |    36 ||   310
